 Dungeon Crawl Stone Soup version 0.27.1-34-g3ba077fa99 (webtiles) character file.

Game seed: 4029318567790670680

99 zeram the Sneak (level 4, -5/27 HPs)
             Began as an Octopode Enchanter on Jan 2, 2022.
             Slain by a wyvern zombie (8 damage)
             ... on level 6 of the Dungeon.
             The game lasted 00:04:43 (2150 turns).

zeram the Sneak (Octopode Enchanter)                Turns: 2150, Time: 00:04:44

Health: -5/27      AC:  6    Str:  5 (7)  XL:     4   Next: 72%
Magic:  7/7        EV: 13    Int: 15 (18) God:
Gold:   98         SH:  0    Dex: 11 (12) Spells: 1/7 levels left

rFire    . . .     SeeInvis .   a - +2 dagger
rCold    + . .     Faith    .   (no shield)
rNeg     . . .     Spirit   .   h - +1 hat
rPois    .         Reflect  .   (no amulet)
rElec    .         Harm     .   b - +4 ring of protection
rCorr    .         Rampage  .   i - ring of protection from cold
Will     .....                  (no ring)
Stlth    ++++......             (no ring)
HPRegen  0.09/turn              (no ring)
MPRegen  0.10/turn              (no ring)
                                (no ring)
                                (no ring)

@: no status effects
A: almost no armour, amphibious, 8 rings, camouflage 1, gelatinous body 1,
(nimble swimmer 1), tentacles
a: no special abilities


You were on level 6 of the Dungeon.
You visited 1 branch of the dungeon, and saw 4 of its levels.

You collected 98 gold pieces.

Inventory:

Hand Weapons
 a - a +2 dagger (weapon)
Armour
 h - a +1 hat (worn)
Jewellery
 b - a +4 ring of protection (left tentacle)
 i - a ring of protection from cold (right tentacle)
Scrolls
 c - a scroll of noise {unknown}
 e - a scroll of blinking {unknown}
 f - 2 scrolls of magic mapping
 j - a scroll of fog {unknown}
 k - a scroll of identify
Potions
 d - a potion of flight


   Skills:
 - Level 1.0 Short Blades
 - Level 2.0 Dodging
 + Level 7.5 Stealth
 - Level 2.0 Spellcasting
 - Level 3.0 Hexes


You had one spell level left.
You knew the following spells:

 Your Spells              Type           Power      Damage    Failure   Level
a - Corona                Hex            11%        N/A       6%          1
b - Ensorcelled Hibernat  Hex/Ice        12%        N/A       19%         2
c - Tukima's Dance        Hex            10%        N/A       19%         3

Your spell library contained the following spells:

 Spells                   Type           Power      Damage    Failure   Level
 Confusing Touch          Hex            10%        N/A       19%         3
 Dazzling Flash           Conj/Hex       12%        N/A       34%         3


Dungeon Overview and Level Annotations

Branches:
Dungeon (3/15)

Altars:

Shops:
D:3 [(


Innate Abilities, Weirdness & Mutations

You cannot wear most types of armour.
You are amphibious.
You can wear up to eight rings at the same time.
Your skin changes colour to match your surroundings (Stealth+).
Your rubbery body absorbs attacks. (AC +1, EV +1)
((You are camouflaged near water. (Stealth+)))
You have tentacles for arms and can constrict up to eight enemies at once.


Message History

You hit the kobold but do no damage. You squeeze the kobold.
You kill the kobold!
No target in view!
Things that are here:
a +0 club; a kobold corpse A bat comes into view.
A bat is nearby!
A bat is nearby!
A bat is nearby!
Found 7 javelins.
The helpless bat fails to defend itself.
You impale the bat!!
You kill the bat!
You fall into a shaft and drop 3 floors!
The shaft crumbles and collapses.
A wyvern zombie comes into view.
Found a scroll of magic mapping.
You see here 13 gold pieces.
The helpless wyvern zombie fails to defend itself.
You impale the wyvern zombie!!
The wyvern zombie is heavily damaged.
The wyvern zombie bites you.
You hit the wyvern zombie. You squeeze the wyvern zombie.
The wyvern zombie is heavily damaged.
The wyvern zombie bites you but does no damage.
You hit the wyvern zombie but do no damage.
The wyvern zombie is heavily damaged.
The wyvern zombie bites you.
You barely miss the wyvern zombie.
The wyvern zombie is heavily damaged.
The wyvern zombie bites you! x2
* * * LOW HITPOINT WARNING * * *
You are too injured to fight recklessly!
You are too injured to fight recklessly!
It was a potion of degeneration.
There was something very wrong with that liquid.
You feel weakened.
You feel dopey.
You feel clumsy.
The wyvern zombie completely misses you.
The wyvern zombie bites you!
You die...

#...
#...
#..#
#..#
#..##
#..?#
#$#
#Z#
#@#
#.#
#..
###.
.. .#
.# #


You could see a wyvern zombie.

Vanquished Creatures
  4 adders
  3 dart slugs
  4 endoplasms
  A giant cockroach (D:2)
  11 goblins
  7 hobgoblins
  2 jackals (D:2)
  A quokka (D:1)
  2 ball pythons
  9 bats
  5 frilled lizards
  3 kobolds
  3 rats
55 creatures vanquished.

Notes
Turn   | Place    | Note
-------+----------+-------------------------------------------
     0 | D:1      | zeram the Octopode Enchanter began the quest for the Orb.
     0 | D:1      | Reached XP level 1. HP: 11/11 MP: 3/3
   111 | D:1      | Found a faded altar of an unknown god.
   134 | D:1      | Reached XP level 2. HP: 9/17 MP: 5/5
   137 | D:1      | Learned a level 2 spell: Ensorcelled Hibernation
   353 | D:1      | Reached skill level 5 in Stealth
   699 | D:1      | Reached XP level 3. HP: 21/21 MP: 6/6
   703 | D:1      | Learned a level 3 spell: Tukima's Dance
  1013 | D:2      | Reached skill level 6 in Stealth
  1460 | D:2      | Reached XP level 4. HP: 26/27 MP: 7/7
  1520 | D:2      | Reached skill level 7 in Stealth
  1700 | D:3      | Noticed an ice beast
  1736 | D:3      | Found Cuunkyf's Weapon Shop.
  1905 | D:3      | Found Voxinan's Armour Shop.
  2143 | D:3      | You fall into a shaft and drop 3 floors!
  2150 | D:6      | Slain by a wyvern zombie

Illustrated notes

Levels and vault maps discovered:
D:1:      eino_arrival_tree_alley, layout_basic, basic_ecumenical_altar
D:2:      layout_basic
D:3:      minmay_angry_zag, layout_loops_ring, serial_shops,
          nicolae_diamond_shop, shop
D:6:      layout_loops_ring, okawaru_gym_becter, uniq_crazy_yiuf_cottage

Skill      XL: |  1  2  3  4 |
---------------+-------------+-----
Stealth        | 5 6 7 |  7.5
Short Blades   | |  1.0
Dodging        | |  2.0
Spellcasting   | |  2.0
Hexes          | |  3.0

Action                   |  1- 3 |  4- 6 || total
-------------------------+-------+-------++-------
Melee: Dagger            |   100 |    38 ||   138
       Constrict         |    18 |     3 ||    21
       Tentacles         |    11 |     6 ||    17
  Use: Scroll            |       |     3 ||     3
       Potion            |       |     2 ||     2
 Stab: Sleeping          |    14 |     9 ||    23
Armor: Skin              |    28 |     9 ||    37
Dodge: Dodged            |    50 |    18 ||    68
